[Event "*** Titled Tuesday Blitz"]
[Site "Chess.com"]
[Date "2020.12.29"]
[Round "7"]
[White "Iskusnyh"]
[Black "AsaHoffmann"]
[Result "1-0"]
[WhiteElo "2562"]
[BlackElo "2355"]
[TimeControl "180+1"]
[EndTime "11:14:57 PST"]
[Termination "Iskusnyh won by resignation"]

1. d4 Nf6 2. c4 c5 3. d5 e5 4. Nc3 d6 5. e4 Be7 6. g3 O-O 7. Bg2 Na6 8. Nf3 Nc7 9. O-O a6 10. a4 b6 11. Ne1 Bd7 12. Nd3 b5 13. b3 bxc4 14. bxc4 Nfe8 15. f4 Bf6 16. fxe5 Bxe5 17.
Nxe5 dxe5 18. Be3 Qe7 19. d6 Qxd6 20. Qxd6 Nxd6 21. Bxc5 Nxc4 22. Bxf8 Kxf8 23. Rfd1 Be6 24. Nd5 Ne8 25. Rac1 Nb2 26. Nb6 Ra7 27. Rd8 Ke7 28. Rb8 a5 29. Nc8+ Bxc8 30. Rcxc8 Nd6 31. Rc5 f6 32.
Rxb2 1-0

[Event "*** Titled Tuesday Blitz"]
[Site "Chess.com"]
[Date "2020.12.29"]
[Round "7"]
[White "lelajavakhishvili"]
[Black "Europe03"]
[Result "1-0"]
[WhiteElo "2513"]
[BlackElo "2328"]
[TimeControl "180+1"]
[EndTime "11:14:59 PST"]
[Termination "lelajavakhishvili won by resignation"]

1. d4 Nf6 2. c4 e6 3. Nf3 b6 4. a3 Bb7 5. Nc3 d5 6. cxd5 Nxd5 7.
Qc2 Be7 8. e4 Nxc3 9. bxc3 c5 10.
Bb5+ Bc6 11. Bd3 O-O 12. O-O Nd7 13. d5 exd5 14. exd5 Bxd5 15. Bxh7+ Kh8 16. Rd1 Bxf3 17. gxf3 Qc7 18. Bf5 Nf6 19. Bg5 Rad8 20. Kg2 c4 21.
Rd4 Qc5 22. Rh4+ Kg8 23. Bh7+ Kh8 24. Bxf6 Bxf6 25. Bg8+ 1-0

[Event "*** Titled Tuesday Blitz"]
[Site "Chess.com"]
[Date "2020.12.29"]
[Round "7"]
[White "cukin84"]
[Black "esskeettit"]
[Result "0-1"]
[WhiteElo "2194"]
[BlackElo "2475"]
[TimeControl "180+1"]
[EndTime "11:15:00 PST"]
[Termination "esskeettit won by resignation"]

1. e4 c5 2. Nc3 Nc6 3. Bb5 g6 4. Bxc6 dxc6 5. d3 Bg7 6. f4 b6 7. Nf3 Nh6 8. O-O O-O 9. Qe1 f6 10. Qh4 Nf7 11. Be3 e6 12. Rad1 Qe7 13. a4 Re8 14. e5 fxe5 15. Qg3 exf4 16. Bxf4 e5 17. Bd2 c4 18. Ne4 cxd3 19. cxd3 Bf5 20. Nfg5 Nxg5 21.
Bxg5 Qe6 22. Kh1 Bxe4 23. dxe4 Rf8 24. Rfe1 h6 25. Be3 Rad8 26. Qh4 Rxd1 27. Rxd1 Qb3 28. Qe1 Qxa4 29. Rd7 Qxe4 30. h3 Qf5 31. Qb4 Qxd7 0-1

[Event "*** Titled Tuesday Blitz"]
[Site "Chess.com"]
[Date "2020.12.29"]
[Round "7"]
[White "vladgoncharov"]
[Black "mat_kolosowski"]
[Result "1-0"]
[WhiteElo "2565"]
[BlackElo "2694"]
[TimeControl "180+1"]
[EndTime "11:15:07 PST"]
[Termination "vladgoncharov won on time"]

1. e4 c5 2. Nf3 e6 3. d4 cxd4 4.
Nxd4 Nc6 5. Nc3 Qc7 6. Ndb5 Qb8 7. Be3 a6 8. Nd4 Nf6 9. Be2 Bb4 10. f3 d5 11. O-O Bd6 12. g3 h5 13. exd5 exd5 14. f4 1-0

[Event "*** Titled Tuesday Blitz"]
[Site "Chess.com"]
[Date "2020.12.29"]
[Round "7"]
[White "Alexey_Ustinov"]
[Black "Gerryisplaying"]
[Result "1-0"]
[WhiteElo "2458"]
[BlackElo "2300"]
[TimeControl "180+1"]
[EndTime "11:15:09 PST"]
[Termination "Alexey_Ustinov won by resignation"]

1. d4 d5 2. Nf3 Bg4 3. Nbd2 Nd7 4.
g3 e6 5. Bg2 c5 6. O-O Ngf6 7. c4 cxd4 8. Nxd4 Qb6 9. N4b3 Be7 10. cxd5 Nxd5 11. Nc4 Qc7 12. Qd4 Bxe2 13. Bxd5 Bxf1 14.
Bf4 Bxc4 15. Bxc7 Bxd5 16. Qxg7 Bf6 17. Qg4 Bxb2 18. Rd1 Bf6 19. Rxd5 exd5 20. Qe2+ Kf8 21. Bd6+ Kg7 22. Qg4+ Kh6 23. Bf4+ 1-0

[Event "*** Titled Tuesday Blitz"]
[Site "Chess.com"]
[Date "2020.12.29"]
[Round "7"]
[White "Jumbo"]
[Black "biostatistician"]
[Result "1-0"]
[WhiteElo "2827"]
[BlackElo "2604"]
[TimeControl "180+1"]
[EndTime "11:15:16 PST"]
[Termination "Jumbo won by resignation"]

1. d4 Nf6 2. c4 g6 3. Nc3 Bg7 4. e4 d6 5. f3 O-O 6. Be3 c5 7. Nge2 Nc6 8. d5 Ne5 9. Ng3 e6 10. Be2 exd5 11. cxd5 a6 12. a4 Bd7 13. a5 b5 14.
axb6 Qxb6 15. Qc2 Rfb8 16. Nd1 Bb5 17. O-O Bxe2 18. Nxe2 Qb3 19. Qxb3 Rxb3 20. Ra4 Nfd7 21. Bf4 Nb6 22. Ra2 Nbc4 23. Nc1 Rb6 24. b3 Nd3 25.
Nxd3 Rxb3 26. Nc1 Rb1 27. Ne2 Rab8 28. Ndc3 R1b6 29. h4 h5 30. Rc1 Bd4+ 31. Nxd4 cxd4 32. Ne2 d3 33. Rxc4 dxe2 34. Rxe2 1-0

[Event "*** Titled Tuesday Blitz"]
[Site "Chess.com"]
[Date "2020.12.29"]
[Round "7"]
[White "akanga001"]
[Black "natelleka"]
[Result "0-1"]
[WhiteElo "1948"]
[BlackElo "2206"]
[TimeControl "180+1"]
[EndTime "11:15:16 PST"]
[Termination "natelleka won by checkmate"]

1. d4 d5 2. c3 Nf6 3. g3 g6 4. Bg2 Bg7 5. Nf3 O-O 6. O-O Ne4 7. Nbd2 c5 8. dxc5 Nxc5 9. Nb3 Ne4 10. Be3 Nc6 11. Nfd4 e5 12. Nxc6 bxc6 13. Qc1 Ba6 14. Re1 Qc7 15. f3 Nf6 16. Nc5 Bc8 17. b4 a5 18. a3 Nd7 19. Na4 f5 20. Bh6 f4 21.
Bxg7 Kxg7 22. Bh3 fxg3 23. hxg3 Nf6 24. Bxc8 Raxc8 25. Nc5 Rce8 26. Kg2 Nh5 27. Rh1 e4 28. g4 Qg3+ 29. Kf1 exf3 30. gxh5 Qg2+ 31. Ke1 Qxe2# 0-1

[Event "*** Titled Tuesday Blitz"]
[Site "Chess.com"]
[Date "2020.12.29"]
[Round "7"]
[White "vladjianu"]
[Black "OK97"]
[Result "0-1"]
[WhiteElo "2585"]
[BlackElo "2794"]
[TimeControl "180+1"]
[EndTime "11:15:17 PST"]
[Termination "OK97 won by resignation"]

1. d4 d6 2. e4 Nf6 3. Nc3 g6 4. f4 Bg7 5. Nf3 O-O 6. e5 dxe5 7. dxe5 Qxd1+ 8. Nxd1 Nd5 9. a3 Nc6 10. c4 Nb6 11. Ne3 f6 12. exf6 Bxf6 13. Be2 Be6 14. O-O Nd4 15. Nxd4 Bxd4 16. Rd1 Rxf4 17. Kh1 Bxe3 18.
Bxe3 Re4 19. Bxb6 Rxe2 20. Bxc7 Rc8 21. Bd8 Bxc4 22. Rac1 Rc6 23. Re1 Bd5 0-1

[Event "*** Titled Tuesday Blitz"]
[Site "Chess.com"]
[Date "2020.12.29"]
[Round "7"]
[White "OparinGrigoriy"]
[Black "louis198"]
[Result "1-0"]
[WhiteElo "2975"]
[BlackElo "2611"]
[TimeControl "180+1"]
[EndTime "11:15:20 PST"]
[Termination "OparinGrigoriy won by resignation"]

1. d4 e6 2. Nf3 d5 3. c4 c6 4.
Nbd2 Nf6 5. g3 Be7 6. Bg2 O-O 7. O-O Nbd7 8. b3 Ne4 9. Qc2 f5 10. Ne1 Bg5 11. Nd3 Kh8 12. Nf3 Bf6 13. Bf4 g5 14. Be5 Bxe5 15. Nfxe5 g4 16. f3 gxf3 17. exf3 Nef6 18.
Rad1 Nxe5 19. Nxe5 Bd7 20. Rfe1 Be8 21. Nd3 Bf7 22. Nf4 Qd6 23. Qe2 Rae8 24. Qe3 Nd7 25. Nd3 Bg8 26. Rd2 Re7 27. Rde2 Rf6 28. Nf4 dxc4 29.
bxc4 c5 30. d5 e5 31. Nd3 Rg6 32. Qd2 b6 33. Qc3 b5 34. Nxe5 Nxe5 35. Rxe5 b4 36.
Qb2 Rxe5 37. Rxe5 Qf6 38. f4 Rg7 39. Qf2 Qb6 40. Qe3 a5 41. Rxf5 a4 42. Qe5 b3 43. axb3 axb3 44. Rg5 Qc7 45. d6 Qa7 46. Rxg7 Qxg7 47. d7 b2 48. Be4 1-0

[Event "*** Titled Tuesday Blitz"]
[Site "Chess.com"]
[Date "2020.12.29"]
[Round "7"]
[White "CM_rui"]
[Black "AlessiaSanteramo"]
[Result "1-0"]
[WhiteElo "2348"]
[BlackElo "2145"]
[TimeControl "180+1"]
[EndTime "11:15:20 PST"]
[Termination "CM_rui won by resignation"]

1. e4 e5 2. Nc3 Nf6 3. f4 d5 4.
fxe5 Nxe4 5. d3 Nxc3 6. bxc3 d4 7.
Nf3 dxc3 8. d4 c5 9. Bc4 cxd4 10.
O-O Be6 11. Bxe6 fxe6 12. Ng5 Qd5 13. Qg4 Nc6 14. Nxe6 Qxe5 15. Bf4 Qa5 16. Nc7+ Kd8 17. Nxa8 Be7 18. Bc7+ 1-0

[Event "*** Titled Tuesday Blitz"]
[Site "Chess.com"]
[Date "2020.12.29"]
[Round "7"]
[White "rasmussvane"]
[Black "MokshanovAlexey"]
[Result "1-0"]
[WhiteElo "2883"]
[BlackElo "2638"]
[TimeControl "180+1"]
[EndTime "11:15:22 PST"]
[Termination "rasmussvane won by resignation"]

1. Nf3 d5 2. g3 Nf6 3. Bg2 e6 4. O-O Be7 5. c4 O-O 6. b3 b6 7. d4 Bb7 8. Nc3 dxc4 9. bxc4 c5 10. d5 exd5 11. Nh4 Ne4 12. Nxd5 Bxd5 13. cxd5 Bxh4 14. Bxe4 Bf6 15. Rb1 Qd6 16. Qc2 Nd7 17.
Bxh7+ Kh8 18. Qf5 g5 19. f4 Kg7 20. fxg5 Bd4+ 21. e3 Be5 22. Rb2 Rae8 23. Rbf2 Re7 24. Qh3 Rh8 25. Qh5 f5 26. gxf6+ 1-0

[Event "*** Titled Tuesday Blitz"]
[Site "Chess.com"]
[Date "2020.12.29"]
[Round "7"]
[White "Skatchkov_V"]
[Black "horripile"]
[Result "0-1"]
[WhiteElo "2515"]
[BlackElo "2688"]
[TimeControl "180+1"]
[EndTime "11:15:22 PST"]
[Termination "horripile won by resignation"]

1. d4 Nf6 2. c4 g6 3. Nf3 Bg7 4. g3 O-O 5. Bg2 d6 6. O-O c6 7. Nc3 Nbd7 8. e4 e5 9. h3 exd4 10.
Nxd4 Qb6 11. Nb3 Ne8 12. Be3 Qb4 13. Qe2 Ne5 14. c5 Nc4 15. cxd6 Nxe3 16. Qxe3 Nxd6 17. Rac1 Nc4 18. Qe2 a5 19. Nd1 Be6 20. f4 a4 21.
f5 axb3 22. a3 Qc5+ 23. Kh1 gxf5 24. exf5 Bd5 25. f6 Bh6 26. Rf4 Rfe8 27. Qg4+ Kh8 28.
Kh2 Re1 29. Nf2 Rxc1 30. Rf5 Ne3 31. Qh5 Nxf5 0-1

[Event "*** Titled Tuesday Blitz"]
[Site "Chess.com"]
[Date "2020.12.29"]
[Round "7"]
[White "realmadridtv"]
[Black "A-S-00"]
[Result "1-0"]
[WhiteElo "2457"]
[BlackElo "2274"]
[TimeControl "180+1"]
[EndTime "11:15:23 PST"]
[Termination "realmadridtv won by resignation"]

1. e4 e6 2. d4 d5 3. Nc3 Nf6 4. Bg5 Be7 5. e5 Nfd7 6. h4 Bxg5 7. hxg5 Qxg5 8. Nh3 Qh4 9. g3 Qe7 10. Qg4 g6 11.
O-O-O a6 12. Nf4 h5 13. Qf3 c5 14. Ncxd5 exd5 15. Nxd5 Qg5+ 16. Kb1 O-O 17. Nc7 Ra7 18. e6 fxe6 19. Qb3 Qe7 20. Nxe6 Rxf2 21. Bc4 b5 22.
Bd5 Nb6 23. Nxc5+ Kg7 24. Rde1 Qf8 25. Be6 Bb7 26. Rhg1 Nc6 27. Qe3 Ne7 28. Bb3 Ned5 29. Ne6+ Kg8 30. Nxf8 1-0

[Event "*** Titled Tuesday Blitz"]
[Site "Chess.com"]
[Date "2020.12.29"]
[Round "7"]
[White "Moon_stone123"]
[Black "pavelalexandru07"]
[Result "1-0"]
[WhiteElo "2433"]
[BlackElo "2275"]
[TimeControl "180+1"]
[EndTime "11:15:24 PST"]
[Termination "Moon_stone123 won by resignation"]

1. Nf3 c5 2. g3 g6 3. Bg2 Bg7 4. O-O Nc6 5. c4 e6 6. Nc3 Nge7 7. d4 cxd4 8. Nb5 Nf5 9. g4 a6 10. Qa4 Nh4 11. Nxh4 Qxh4 12. Nc7+ Kf8 13. Nxa8 h5 14. g5 Be5 15. f4 Bd6 16. Qd1 Bc5 17. Kh1 d6 18. Qe1 Qxe1 19. Rxe1 Ke7 20. e3 Bd7 21.
Nc7 Kd8 22. exd4 Bxd4 23. Nxe6+ Bxe6 24. Bd5 Bg4 25. Kg2 Rf8 26. Be3 Bxb2 27. Rab1 Bc3 28.
Rec1 Bd4 29. Bxd4 Nxd4 30. Rxb7 Ne2 31. Rf1 Nxf4+ 32. Rxf4 1-0

[Event "*** Titled Tuesday Blitz"]
[Site "Chess.com"]
[Date "2020.12.29"]
[Round "7"]
[White "yobdc"]
[Black "Tagliata"]
[Result "1-0"]
[WhiteElo "2450"]
[BlackElo "2295"]
[TimeControl "180+1"]
[EndTime "11:15:25 PST"]
[Termination "yobdc won by resignation"]

1. e4 c5 2. Nc3 Nc6 3. Bb5 g6 4. Bxc6 dxc6 5. d3 Bg7 6. Be3 b6 7. Qd2 Qc7 8. Nf3 e5 9. h3 h6 10.
O-O f5 11. exf5 gxf5 12. Rae1 Ne7 13. Qc1 f4 14. Bd2 Bd7 15. Ne4 O-O-O 16. b4 cxb4 17. Bxb4 Nd5 18. Bd6 Qb7 19. Bxe5 Bxe5 20. Nxe5 Bf5 21.
c4 Nb4 22. Qxf4 Bxe4 23. Qxe4 Rhg8 24. a3 Nc2 25. Nxc6 Nxe1 26. Rxe1 Rd6 27. Ne7+ Kb8 28. Qxb7+ 1-0

[Event "*** Titled Tuesday Blitz"]
[Site "Chess.com"]
[Date "2020.12.29"]
[Round "7"]
[White "kai_nov"]
[Black "nitpicker"]
[Result "1-0"]
[WhiteElo "2381"]
[BlackElo "2252"]
[TimeControl "180+1"]
[EndTime "11:15:26 PST"]
[Termination "kai_nov won by resignation"]

1. d4 Nf6 2. c4 e6 3. Nc3 Bb4 4. f3 c5 5. d5 O-O 6. e4 b5 7. e5 Ne8 8. f4 d6 9. Nf3 Bb7 10.
dxe6 fxe6 11. exd6 Qxd6 12. Qe2 bxc4 13. Bd2 Nc6 14.
Qxc4 Nd4 15. O-O-O Nxf3 16. gxf3 Bxf3 17. Bh3 Bxh1 18.
Rxh1 Nc7 19. a3 Ba5 20. Rg1 Qd5 21. Nxd5 Bxd2+ 22. Kxd2 exd5 23. Qxc5 Ne8 24. Qe7 Rb8 25.
Bd7 Rb7 26. Be6+ 1-0

[Event "*** Titled Tuesday Blitz"]
[Site "Chess.com"]
[Date "2020.12.29"]
[Round "7"]
[White "FlamingPhoenix123"]
[Black "SaraciNderim"]
[Result "0-1"]
[WhiteElo "2609"]
[BlackElo "2835"]
[TimeControl "180+1"]
[EndTime "11:15:28 PST"]
[Termination "SaraciNderim won by resignation"]

1. e4 e5 2. Nf3 Nc6 3. d4 exd4 4. Bc4 Nf6 5. O-O Nxe4 6. Re1 d5 7. Nc3 dxc4 8. Rxe4+ Be6 9. Nxd4 Nxd4 10. Rxd4 Bd6 11. Bf4 O-O 12. Nb5 Bxf4 13. Rxd8 Raxd8 14. Qf3 Be5 15.
Qxb7 Bxb2 16. Rb1 c3 17. Qc6 Bxa2 18. Re1 Bd5 19. Qc5 Be6 20. Nxc3 h6 21. Na4 Bd4 22. Qxc7 Rc8 23. Qd6 Rfd8 24. Qg3 Rxc2 25. Rf1 Bc4 26. Qh4 Bxf2+ 0-1

[Event "*** Titled Tuesday Blitz"]
[Site "Chess.com"]
[Date "2020.12.29"]
[Round "7"]
[White "TengisChess"]
[Black "Bodnar_Mykola"]
[Result "0-1"]
[WhiteElo "2408"]
[BlackElo "2547"]
[TimeControl "180+1"]
[EndTime "11:15:28 PST"]
[Termination "Bodnar_Mykola won by resignation"]

1. d4 Nf6 2. c4 g6 3. Nc3 Bg7 4. e4 d6 5. Nf3 O-O 6. Be2 Nc6 7.
O-O e5 8. dxe5 dxe5 9. Qxd8 Rxd8 10. Bg5 Re8 11. Bxf6 Bxf6 12. Nd5 Bd8 13. Rfd1 Bg4 14. Rd2 Bxf3 15. Bxf3 Nd4 16. Rad1 c6 17. Ne3 Ba5 18. Rd3 Nxf3+ 19. gxf3 Rad8 20. Rxd8 Rxd8 21. Rxd8+ Bxd8 22. Kf1 Kf8 23. b4 Ke7 24. Ke2 Ke6 25. Kd3 Be7 26. c5 b6 27. Kc4 h5 28. a4 bxc5 29. bxc5 Kf6 30. Nc2 a5 31. Na1 Kg5 32. Nb3 Bd8 33.
Kd3 Kh4 34. Nd2 Kh3 35. Nc4 Bc7 36. Nd6 Kxh2 37. Nxf7 Kg2 38. Ke2 h4 39. f4 exf4 40. e5 Bxe5 41. Nxe5 h3 42. Nf3 h2 43. Nxh2 Kxh2 44.
Kf3 g5 45. Kg4 Kg2 46. Kxg5 f3 47. Kf4 Kxf2 0-1

[Event "*** Titled Tuesday Blitz"]
[Site "Chess.com"]
[Date "2020.12.29"]
[Round "7"]
[White "JustKid"]
[Black "Parhamov"]
[Result "0-1"]
[WhiteElo "2615"]
[BlackElo "2934"]
[TimeControl "180+1"]
[EndTime "11:15:30 PST"]
[Termination "Parhamov won by checkmate"]

1. d4 Nf6 2. Bf4 e6 3. e3 b6 4.
Nf3 Bb7 5. Nbd2 g6 6. Be2 Bg7 7.
h3 O-O 8. O-O d6 9. Bh2 Nbd7 10.
c3 h6 11. a4 a5 12. Qb3 Ne4 13. Nc4 Re8 14. Rfd1 Qe7 15. Na3 e5 16. Nb5 Rac8 17. Rac1 h5 18. Na7 Rb8 19. Nb5 c6 20. Na3 Bh6 21.
Bf1 exd4 22. Rxd4 Nxf2 23. Bxd6 Qxe3 24. Re1 Nxh3+ 25. Kh2 Qf2 26. Bg3 Nc5 27. Qa2 Rxe1 28. Bxf2 Rxf1 29. Bg3 Nf2 30. Bxb8 Rh1+ 31. Kg3 Nfe4+ 32.
Rxe4 Nxe4# 0-1

[Event "*** Titled Tuesday Blitz"]
[Site "Chess.com"]
[Date "2020.12.29"]
[Round "7"]
[White "Fortitudine"]
[Black "MarcLonoff"]
[Result "0-1"]
[WhiteElo "2322"]
[BlackElo "2174"]
[TimeControl "180+1"]
[EndTime "11:15:31 PST"]
[Termination "MarcLonoff won on time"]

1. c4 b6 2. Nf3 e6 3. g3 Bb7 4.
Bg2 f5 5. b3 Nf6 6. Bb2 Be7 7.
O-O O-O 8. d3 d6 9. Nbd2 e5 10.
e3 Na6 11. Ng5 Bxg2 12. Kxg2 Qd7 13. f4 Nc5 14. Qe2 h6 15. Ngf3 Qc6 16. fxe5 dxe5 17. Bxe5 Ng4 18. Bc3 Bg5 19. Bd4 Rae8 20. h3 Nxe3+ 21.
Bxe3 Rxe3 22. Qd1 Rfe8 23. d4 Nd3 24. d5 Qd6 0-1

[Event "*** Titled Tuesday Blitz"]
[Site "Chess.com"]
[Date "2020.12.29"]
[Round "7"]
[White "AlleyOoper"]
[Black "GigaQuparadze"]
[Result "0-1"]
[WhiteElo "2611"]
[BlackElo "2879"]
[TimeControl "180+1"]
[EndTime "11:15:33 PST"]
[Termination "GigaQuparadze won by resignation"]

1. d4 e6 2. e4 d5 3. exd5 Qxd5 4. Nf3 Nf6 5. c4 Qd8 6. Nc3 c5 7. Be3 cxd4 8. Qxd4 Bd7 9. Rd1 Nc6 10. Qd2 Bb4 11. Bg5 Ne4 12. Qe3 Nxg5 13. Nxg5 Qe7 14. Ne4 O-O 15. a3 Ba5 16. Qg3 f5 17. Qd6 Rf7 18. Qxe7 Rxe7 19. Nc5 Bxc3+ 20. bxc3 Bc8 21. Be2 Rc7 22. Bf3 Ne5 23. Rd8+ Kf7 24. Nb3 Nxf3+ 25. gxf3 b6 26. Nd4 Bb7 27. Rxa8 Bxa8 28. Kd2 Rxc4 29. Re1 Bd5 30. f4 Kf6 31. Nc2 Rxf4 0-1

[Event "*** Titled Tuesday Blitz"]
[Site "Chess.com"]
[Date "2020.12.29"]
[Round "7"]
[White "PotapovaM"]
[Black "ulkaf961"]
[Result "1-0"]
[WhiteElo "2546"]
[BlackElo "2308"]
[TimeControl "180+1"]
[EndTime "11:15:35 PST"]
[Termination "PotapovaM won on time"]

1. d4 d5 2. c4 e6 3. Nf3 a6 4. cxd5 exd5 5. Nc3 h6 6. g3 Nf6 7. Bg2 Be7 8. O-O O-O 9. Ne5 c6 10. Bf4 Be6 11. Qb3 b5 12. Rac1 Ra7 13. a4 c5 14. axb5 cxd4 15. b6 Rb7 16. Na4 Ne4 17. Nd3 Bd6 18. Rfd1 g5 19. Bd2 Nd7 20. Ba5 Qf6 21.
f3 Be7 22. Rc6 1-0

[Event "*** Titled Tuesday Blitz"]
[Site "Chess.com"]
[Date "2020.12.29"]
[Round "7"]
[White "kingofthenil"]
[Black "SantoBlue"]
[Result "0-1"]
[WhiteElo "2752"]
[BlackElo "2873"]
[TimeControl "180+1"]
[EndTime "11:15:36 PST"]
[Termination "SantoBlue won by resignation"]

1. e4 c5 2. d3 Nc6 3. g3 d6 4. Bg2 g6 5. f4 Bg7 6. Nf3 f5 7. O-O Nf6 8. Re1 O-O 9. c3 Rb8 10. Ng5 Kh8 11. Qb3 Qb6 12. Nf7+ Rxf7 13. Qxf7 c4+ 14. d4 fxe4 15. Bxe4 Bg4 16. Nd2 d5 17. Bg2 Rf8 18. Nxc4 Qd8 19. Ne5 Nxe5 20. Qxf8+ Qxf8 21. fxe5 Ne4 22. Rf1 Qc8 23. Be3 h5 24. Rf7 Qe6 25.
Raf1 Bf5 26. R7xf5 gxf5 27. Bh3 Bh6 28. Bxh6 Qxh6 29. Bxf5 Qe3+ 0-1

[Event "*** Titled Tuesday Blitz"]
[Site "Chess.com"]
[Date "2020.12.29"]
[Round "7"]
[White "elamier"]
[Black "azikom"]
[Result "1-0"]
[WhiteElo "2436"]
[BlackElo "2603"]
[TimeControl "180+1"]
[EndTime "11:15:36 PST"]
[Termination "elamier won by resignation"]

1. e4 Nf6 2. e5 Nd5 3. d4 d6 4. c4 Nb6 5. exd6 exd6 6. Nc3 Be7 7. Be3 O-O 8. Be2 Bf5 9. Nf3 c6 10. O-O N8d7 11. Rc1 Re8 12. b3 h6 13. a4 a5 14. Re1 Nf8 15. d5 Bg6 16. dxc6 bxc6 17. Nd4 Qd7 18. Bf3 Rac8 19. c5 dxc5 20. Nxc6 Qxd1 21. Rexd1 Bg5 22. Bxg5 hxg5 23. Nxa5 Ne6 24. Nb7 Re7 25. a5 Na8 26. a6 Nd4 27. Nd5 Re5 28. Rxd4 1-0

[Event "*** Titled Tuesday Blitz"]
[Site "Chess.com"]
[Date "2020.12.29"]
[Round "7"]
[White "carloseduar100"]
[Black "Ajedrez_con_German"]
[Result "0-1"]
[WhiteElo "2127"]
[BlackElo "2531"]
[TimeControl "180+1"]
[EndTime "11:15:38 PST"]
[Termination "Ajedrez_con_German won by resignation"]

1. d4 e6 2. c3 Nf6 3. Bg5 c5 4.
e3 Be7 5. Nd2 cxd4 6. exd4 O-O 7.
Bd3 b6 8. Qe2 Bb7 9. Ngf3 d6 10.
O-O Nbd7 11. h4 Re8 12. Rad1 a6 13. Rfe1 b5 14. a3 Qc7 15. Ne4 Nxe4 16. Bxe4 Bxe4 17. Qxe4 Nf6 18. Qf4 h6 19. Bxh6 gxh6 20. Qxh6 Qd8 21. Ng5 Bf8 22. Nxf7 Bxh6 23. Nxd8 Raxd8 24. f3 Kf7 25. g4 Bf4 26. Kg2 Nd5 27. Kh3 Kf6 28. Re4 e5 29. dxe5+ dxe5 30. a4 Nb6 31. Rxd8 Rxd8 32. axb5 Rd2 33. g5+ Kf5 0-1

[Event "*** Titled Tuesday Blitz"]
[Site "Chess.com"]
[Date "2020.12.29"]
[Round "7"]
[White "barbara25"]
[Black "MaxLeto"]
[Result "0-1"]
[WhiteElo "2266"]
[BlackElo "2391"]
[TimeControl "180+1"]
[EndTime "11:15:38 PST"]
[Termination "MaxLeto won by resignation"]

1. e4 c5 2. Nf3 d6 3. d4 cxd4 4. Nxd4 Nf6 5. Nc3 a6 6. f3 e6 7. Be3 b5 8. Qd2 Nbd7 9. O-O-O Bb7 10. Kb1 b4 11. Nce2 d5 12. exd5 Nxd5 13. Nf4 Nxe3 14. Qxe3 Bc5 15. Qd2 Nb6 16. Ndxe6 Qxd2 17. Rxd2 fxe6 18. Nxe6 Rc8 19. Bc4 Nxc4 20. Re2 Kf7 21. Rd1 Nb6 22. Ng5+ Kg6 23. h4 Rhe8 24. Red2 h6 25.
Ne4 Bxe4 26. fxe4 Rxe4 27. g3 Rc6 28. Rd3 Nc4 29. b3 Na3+ 30. Kc1 Be3+ 0-1

[Event "*** Titled Tuesday Blitz"]
[Site "Chess.com"]
[Date "2020.12.29"]
[Round "7"]
[White "Sergienko_Sergey"]
[Black "bylavochka"]
[Result "1-0"]
[WhiteElo "2297"]
[BlackElo "2136"]
[TimeControl "180+1"]
[EndTime "11:15:39 PST"]
[Termination "Sergienko_Sergey won on time"]

1. e4 c5 2. Nf3 d6 3. d4 cxd4 4.
Nxd4 Nf6 5. Nc3 g6 6. f4 Bg7 7. e5 Nfd7 8. e6 Nf6 9. exf7+ Kxf7 10. Be2 Nc6 11. Be3 Rf8 12. O-O Kg8 13. Kh1 e5 14. Nxc6 bxc6 15. fxe5 dxe5 16. Bc4+ Kh8 17. Qxd8 Rxd8 18.
Bg5 Bf5 19. g4 Nxg4 20. Rae1 Rd4 21. Bb3 h6 22. Bc1 e4 23. Ne2 Rd7 24. Ng3 Rf8 25. Nxf5 gxf5 26. Be6 Re7 27. Bxf5 Ref7 28. Rf4 Rxf5 29.
Rxg4 Rf1+ 30. Rg1 Rxe1 31. Rxe1 Re8 32. Kg2 Kh7 33. c3 Kg6 34. Be3 Kf5 35. Rd1 Re6 36.
Rd7 a6 37. Rxg7 1-0

[Event "*** Titled Tuesday Blitz"]
[Site "Chess.com"]
[Date "2020.12.29"]
[Round "7"]
[White "Lagmantr"]
[Black "wonderfultime"]
[Result "0-1"]
[WhiteElo "2783"]
[BlackElo "3011"]
[TimeControl "180+1"]
[EndTime "11:15:40 PST"]
[Termination "wonderfultime won by checkmate"]

1. e4 c5 2. Nf3 Nf6 3. e5 Nd5 4. Nc3 e6 5. Nxd5 exd5 6. d4 Nc6 7. c3 d6 8. Bb5 cxd4 9. Nxd4 Bd7 10. exd6 Bxd6 11. Qe2+ Be7 12. Bg5 Nxd4 13. cxd4 Qa5+ 14. Kd1 O-O 15. Bxe7 Bxb5 16. Qd2 Ba4+ 17. b3 Bxb3+ 18. Ke1 Qa6 19. Rb1 Ba4 20. Qb4 Rfc8 21. Kd2 Rc2+ 22. Ke3 Qe2+ 23. Kf4 Qxf2+ 24. Ke5 Qe3+ 25. Kd6 Qe6# 0-1

[Event "*** Titled Tuesday Blitz"]
[Site "Chess.com"]
[Date "2020.12.29"]
[Round "7"]
[White "GregShahade"]
[Black "Nadeev_Sergey"]
[Result "1/2-1/2"]
[WhiteElo "2664"]
[BlackElo "2482"]
[TimeControl "180+1"]
[EndTime "11:15:40 PST"]
[Termination "Game drawn by agreement"]

1. e4 e5 2. Nf3 Nc6 3. Bb5 a6 4. Ba4 Nf6 5. O-O Be7 6. Re1 b5 7. Bb3 O-O 8. a4 Bb7 9. d3 d5 10. exd5 Nxd5 11. axb5 axb5 12. Rxa8 Bxa8 13. Nxe5 Nxe5 14.
Rxe5 Bf6 15. Re1 Bd4 16. c3 Bc5 17. d4 Bd6 18. Qh5 g6 19. Qg5 Be7 20. Qh6 Qd7 21. Qh3 Qxh3 22. gxh3 Bd6 23. Bh6 Rb8 24. Nd2 Nf4 25.
Bxf4 Bxf4 26. Ne4 Bxe4 27. Rxe4 Bd6 28. Bd5 Kf8 29. Re1 b4 30. c4 Re8 31. Rxe8+ Kxe8 32. b3 c5 33. dxc5 Bxc5 34. Kg2 Ke7 35. f3 Bd6 36. Kf1 Bxh2 37. Ke2 Bd6 38. Ke3 1/2-1/2

[Event "*** Titled Tuesday Blitz"]
[Site "Chess.com"]
[Date "2020.12.29"]
[Round "7"]
[White "Snowflake"]
[Black "norwaytoadog"]
[Result "1-0"]
[WhiteElo "2427"]
[BlackElo "2184"]
[TimeControl "180+1"]
[EndTime "11:15:42 PST"]
[Termination "Snowflake won by resignation"]

1. e4 c5 2. Nf3 d6 3. b4 cxb4 4. a3 bxa3 5. Nxa3 Nc6 6. Bb2 e6 7. d4 Nf6 8. Bd3 Be7 9. O-O O-O 10. Nc4 d5 11. e5 dxc4 12. exf6 cxd3 13. fxe7 Qxe7 14.
Qxd3 Rd8 15. Rfe1 Nb4 16. Qb3 Nd5 17. c4 Nf4 18. Qe3 Qf6 19. Ne5 Bd7 20. d5 exd5 21.
Nxd7 Qxb2 22. Qxf4 Rxd7 23. Rxa7 Rad8 24. cxd5 Rxd5 25. Qe4 g6 26. h4 Kg7 27. h5 Rd2 28.
Rxb7 Qc2 29. Qe5+ Kh6 30. Qf4+ Kg7 31. h6+ 1-0

[Event "*** Titled Tuesday Blitz"]
[Site "Chess.com"]
[Date "2020.12.29"]
[Round "7"]
[White "igorkovalenko"]
[Black "Alonmindlin"]
[Result "1-0"]
[WhiteElo "2907"]
[BlackElo "2704"]
[TimeControl "180+1"]
[EndTime "11:15:43 PST"]
[Termination "igorkovalenko won by resignation"]

1. e4 e5 2. Nf3 Nc6 3. Bb5 a6 4. Bxc6 dxc6 5. O-O f6 6. d4 Bg4 7.
dxe5 Qxd1 8. Rxd1 fxe5 9. Be3 Nf6 10. Nbd2 Bd6 11. Re1 O-O-O 12. Nh4 Rhf8 13. h3 Be6 14. a3 c5 15. Nf5 g6 16. Ng3 Nd7 17. c4 Nb8 18. b4 cxb4 19. c5 Be7 20. axb4 Nc6 21. Reb1 Nd4 22. Bxd4 exd4 23. Ngf1 Bd7 24. Nh2 Bb5 25. Nhf3 d3 26. Ra3 h5 27. h4 Rf4 28. g3 Rf7 29. Ne5 Rf6 30. f4 Rd4 31. Kg2 b6 32. Nef3 Rd8 33. Rc3 Kb7 34. Rbc1 bxc5 35.
bxc5 Ka7 36. Kf2 Rc6 37. Ke3 Bf6 38. e5 Be7 39. Nd4 Rxd4 40. Kxd4 a5 41. Ke3 a4 42. Nf3 Kb7 43. Nd4 1-0